 Dungeon Crawl Stone Soup version 0.25.0-46-gbd7b0854d2 (webtiles) character file.

Game seed: 15380243105313660665

5852 funkygono the Grappler (level 10, -3/92 HPs)
             Began as a Troll Fighter on July 16, 2020.
             Was an Elder of Makhleb.
             Slain by an unseen horror (11 damage)
             ... on level 10 of the Dungeon.
             The game lasted 00:19:53 (8082 turns).

funkygono the Grappler (Troll Fighter)              Turns: 8082, Time: 00:19:53

Health: -3/92      AC:  6    Str: 28    XL:     10   Next: 52%
Magic:  20/20      EV: 11    Int:  4    God:    Makhleb [****..]
Gold:   500        SH: 18    Dex: 10    Spells: 9/9 levels left

rFire    . . .     SeeInvis .     - Unarmed
rCold    . . .     Gourm    +   b - +2 kite shield
rNeg     + . .     Faith    .   (armour restricted)
rPois    .         Spirit   .   (helmet restricted)
rElec    .         Reflect  +   J - +1 cloak {Stlth+}
rCorr    .         Harm     .   (gloves unavailable)
MR       .....                  (boots unavailable)
Stlth    +.........             j - amulet of reflection
HPRegen  0.65/turn              f - ring of positive energy
MPRegen  0.17/turn              h - ring of magical power

@: no status effects
A: large, unfitting armour, claws 3, fast metabolism 3, gourmand, regeneration
1, shaggy fur 1, tough skin 3
a: Minor Destruction, Lesser Servant of Makhleb, Major Destruction, Renounce
Religion


You were on level 10 of the Dungeon.
You worshipped Makhleb.
Makhleb was greatly pleased with you.
You were completely stuffed.

You visited 2 branches of the dungeon, and saw 11 of its levels.
You also visited: Sewer.

You collected 500 gold pieces.

Inventory:

Hand Weapons
 a - a +1 dire flail
 I - a +2 scimitar of draining
Missiles
 k - 3 throwing nets
 l - 5 javelins
 s - 5 large rocks
 u - 3 atropa-tipped darts
 y - 28 poisoned darts (quivered)
 M - 3 boomerangs
Armour
 b - a +2 kite shield (worn)
 C - a +2 robe of positive energy
 G - +2 acid dragon scales
 J - a +1 cloak of stealth (worn)
Jewellery
 f - a ring of positive energy (left claw)
 h - a ring of magical power (right claw)
 j - an amulet of reflection (around neck)
 o - an uncursed ring of wizardry
 E - an uncursed ring of flight
 F - an uncursed ring of wizardry
 Q - the amulet "Keammac" {Acrobat rElec rN+ Dex-4}
   (You found it on level 9 of the Dungeon)

   [amulet of the acrobat]

   It helps you evade while moving and waiting.
   It affects your dexterity (-4).
   It insulates you from electricity.
   It protects you from negative energy.
Wands
 t - a wand of acid (7)
 B - a wand of random effects (25)
 D - a wand of iceblast (13)
 H - a wand of polymorph (3)
 R - a wand of digging (5)
Scrolls
 m - 6 scrolls of teleportation
 p - a scroll of immolation
 q - 3 scrolls of blinking
 A - a scroll of remove curse
 O - a scroll of enchant armour
 P - a scroll of identify
Potions
 c - 2 potions of might
 e - 3 potions of invisibility
 g - a potion of ambrosia
 i - 2 potions of heal wounds
 n - a potion of magic
 r - a potion of lignification
 v - a potion of curing
 w - a potion of resistance
 x - a potion of cancellation
 z - a potion of degeneration {unknown}
 L - a potion of brilliance {unknown}
 N - 4 potions of mutation {unknown}
Comestibles
 d - 27 rations
 K - 6 chunks of flesh


   Skills:
 + Level 3.6 Fighting
 + Level 2.7 Throwing
 + Level 5.7 Dodging
 + Level 7.5 Shields
 + Level 10.4 Unarmed Combat
 + Level 3.0 Invocations
 + Level 0.5 Evocations


You had 9 spell levels left.
You didn't know any spells.
Your spell library contained the following spells:

 Spells                   Type           Power        Failure   Level  Hunger
 Corona                   Hex            #......      61%         1    ##.....
 Magic Dart               Conj           #...         61%         1    ##.....
 Blink                    Tloc           N/A          75%         2    ###....
 Call Imp                 Summ           #.......     75%         2    ###....
 Ensorcelled Hibernation  Hex/Ice        #.....       75%         2    ###....
 Slow                     Hex            #.......     75%         2    ###....
 Confusing Touch          Hex            #.......     93%         3    ####...
 Conjure Flame            Conj/Fire      #.......     93%         3    ####...
 Dazzling Flash           Conj/Hex       #.....       93%         3    ####...
 Mephitic Cloud           Conj/Pois/Air  #.......     93%         3    ####...
 Tukima's Dance           Hex            #.......     93%         3    ####...


Dungeon Overview and Level Annotations

Branches:
Dungeon (10/15)            Temple (1/1) D:4           Sewer (visited)
   Lair: D:8-11         Orc: D:9-12

Altars:
Ashenzari
Cheibriados
Dithmenos
Elyvilon
Fedhas
Gozag
Hepliaklqana
Kikubaaqudgha
Makhleb
Nemelex Xobeh
Okawaru
Qazlal
Ru
Sif Muna
Trog
Uskayaw
Vehumet
Wu Jian
Xom
Yredelemnul
Zin
The Shining One

Shops:
D:6 !


Innate Abilities, Weirdness & Mutations

You are too large for most types of armour.
You have claws for hands.
Your metabolism is lightning-fast.
You like to eat raw meat.
Your natural rate of healing is unusually fast.
You are covered in fur. (AC +1)
You have extremely tough skin. (AC +3)


Message History

* * * LOW HITPOINT WARNING * * *
You scratch something. Something hits you.
* * * LOW HITPOINT WARNING * * *
You completely miss something. Something hits you.
* * * LOW HITPOINT WARNING * * *
You miss something. Something hits you.
* * * LOW HITPOINT WARNING * * *
You feel much better. Something hits you.
Unknown command.
You scratch something. Something hits you!
* * * LOW HITPOINT WARNING * * *
Something hits you.
* * * LOW HITPOINT WARNING * * *
You closely miss something. Something hits you!
* * * LOW HITPOINT WARNING * * *
You block something's attack.
You scratch something. Something hits you.
* * * LOW HITPOINT WARNING * * *
You closely miss something. Something hits you!
You die...

.. #.. #........[.... #. #.#
#............. ##.##.#####
####.......... ###......((.#
#.......... .........(..#
#...<....## #.....Y...#
#........# #....)....#
#........#
#########..(..##################
..............Y)@..........#
.........#....############.#
.........###### #....######
.........# #..........
.........# #....######
########## #....# # #....# #
#....# # ###### #


You could see an ice beast.

Vanquished Creatures
  Erica (D:8)
  Joseph (D:8)
  Maggie (D:8)
  A troll (D:9)
  A hippogriff (D:10)
  4 yaks (D:10)
  Purgy (D:3)
  A black bear (D:9)
  A sky beast (D:8)
  3 phantoms
  4 ogres
  An eye of draining (D:8)
  An ice beast (D:8)
  4 centaurs
  A big kobold (D:9)
  Blork the orc (D:4)
  5 bullfrogs
  4 scorpions
  3 howler monkeys (D:7)
  3 wights (D:6)
  An electric eel (D:9)
  6 crimson imps
  A quasit (D:7)
  A bullfrog zombie (D:9)
  A jelly (D:7)
  2 orc priests (D:7)
  A gnoll shaman (D:7)
  10 orc wizards
  3 bullfrog skeletons
  2 iguanas
  Natasha (thrice) (D:4)
  4 worker ants
  A hound zombie (D:8)
  2 hound skeletons (D:4)
  A worker ant zombie (D:5)
  6 gnolls
  14 adders
  A river rat (D:5)
  A shadow imp (D:5)
  11 oozes
  4 worms
  12 leopard geckos
  23 orcs
  15 giant cockroaches
  6 goblins
  3 hobgoblins
  7 jackals
  9 kobolds
  3 quokkas
  9 ball pythons
  A ball python skeleton (D:5)
  10 bats
  9 frilled lizards
  A leopard gecko skeleton (D:4)
  A leopard gecko zombie (D:7)
  11 rats
238 creatures vanquished.

Notes
Turn   | Place    | Note
-------+----------+-------------------------------------------
     0 | D:1      | funkygono the Troll Fighter began the quest for the Orb.
     0 | D:1      | Reached XP level 1. HP: 22/22 MP: 0/0
   249 | D:1      | Reached XP level 2. HP: 29/29 MP: 1/1
   844 | D:2      | Reached XP level 3. HP: 35/36 MP: 2/2
  1433 | D:2      | Found a shattered altar of Ashenzari.
  1469 | D:2      | Reached XP level 4. HP: 44/44 MP: 3/3
  1486 | D:2      | Noticed a moth of wrath
  1489 | D:2      | Found a bloodstained altar of Trog.
  1703 | D:3      | Reached skill level 3 in Unarmed Combat
  1894 | D:3      | Reached XP level 5. HP: 52/52 MP: 4/4
  1907 | D:3      | Found a blossoming altar of Fedhas.
  2086 | D:3      | Noticed Purgy
  2097 | D:3      | Killed Purgy
  2365 | D:4      | Reached skill level 4 in Unarmed Combat
  2404 | D:4      | Reached XP level 6. HP: 58/59 MP: 5/5
  2409 | D:4      | Found a staircase to the Ecumenical Temple.
  2420 | Temple   | Entered the Ecumenical Temple
  2498 | Temple   | Became a worshipper of Makhleb the Destroyer
  2511 | D:4      | Noticed Natasha
  2516 | D:4      | Killed Natasha
  2600 | D:4      | Noticed Blork the orc
  2607 | D:4      | Killed Blork the orc
  2715 | D:4      | Noticed Natasha
  3056 | D:4      | Reached XP level 7. HP: 66/66 MP: 6/6
  3083 | D:4      | Killed Natasha
  3224 | D:4      | Noticed Natasha
  3229 | D:4      | Killed Natasha
  3229 | D:4      | Reached skill level 1 in Throwing
  3229 | D:4      | Reached skill level 5 in Unarmed Combat
  3244 | D:5      | Entered Level 5 of the Dungeon
  3337 | D:5      | Found a stormy altar of Qazlal.
  3440 | D:5      | Reached skill level 5 in Shields
  3627 | D:5      | Reached * piety under Makhleb
  3649 | D:5      | Reached XP level 8. HP: 75/75 MP: 7/7
  3762 | D:5      | Found a glowing drain.
  3798 | Sewer    | Entered a sewer
  3868 | Sewer    | Reached skill level 6 in Unarmed Combat
  3928 | Sewer    | Reached ** piety under Makhleb
  4759 | D:6      | Found a glowing silver altar of Zin.
  4929 | D:6      | Found Cewobraj's Distillery.
  5202 | D:7      | Found a shimmering blue altar of Sif Muna.
  5267 | D:7      | Reached skill level 7 in Unarmed Combat
  5437 | D:7      | Reached *** piety under Makhleb
  5614 | D:7      | Reached skill level 1 in Invocations
  5614 | D:7      | Reached XP level 9. HP: 83/83 MP: 8/8
  6112 | D:7      | Found Tojaur's Armour Emporium.
  6430 | D:8      | Reached skill level 8 in Unarmed Combat
  6435 | D:8      | Noticed Joseph
  6437 | D:8      | Noticed Maggie
  6441 | D:8      | Killed Joseph
  6453 | D:8      | Killed Maggie
  6467 | D:8      | Reached **** piety under Makhleb
  6501 | D:8      | Noticed Erica
  6510 | D:8      | Killed Erica
  6510 | D:8      | Reached skill level 5 in Dodging
  6510 | D:8      | Reached skill level 9 in Unarmed Combat
  6568 | D:8      | Found a glowing golden altar of the Shining One.
  6693 | D:8      | Reached XP level 10. HP: 81/91 MP: 11/11
  6730 | D:8      | Found a sacrificial altar of Ru.
  6730 | D:8      | Found a blossoming altar of Fedhas.
  6739 | D:8      | Found a glowing silver altar of Zin.
  6761 | D:8      | Found a shimmering blue altar of Sif Muna.
  6857 | D:8      | Found an iron altar of Okawaru.
  6941 | D:8      | Identified a scroll of acquirement
  6941 | D:8      | Acquired a +1 cloak of stealth
  7177 | D:9      | Got a pitted steel amulet
  7617 | D:9      | Identified the amulet "Keammac" {Acrobat rElec rN+ Dex-4}
                  | (You found it on level 9 of the Dungeon)
  7678 | D:10     | Entered Level 10 of the Dungeon
  7721 | D:10     | Reached skill level 10 in Unarmed Combat
  8082 | D:10     | Slain by an unseen horror

Illustrated notes

Levels and vault maps discovered:
D:1:      lightli_arrival_maybe_door_vault, layout_loops_corners
D:2:      layout_basic, lemuel_round_altar, tgw_trog, minmay_diced_spiral
D:3:      layout_loops_ring, first_ration, fedhas_altar_2, uniq_purgy
D:4:      layout_loops_ring, minmay_temple_entry_grid, minmay_misc_feat_plants,
          grunt_ministairs_10, uniq_natasha, uniq_blork_the_orc
D:5:      layout_basic, grunt_qazlal_sundering, portal_sewer_entry_c,
          dk_rats_in_the_wall
D:6:      layout_basic, basic_altar, serial_shops, shop
D:7:      layout_loops_corners, serial_shops, kennysheep_mini, led_sif_book
D:8:      layout_rooms, lemuel_crystal_altar, grunt_temple_overflow_cloverleaf,
          marbit_many_paths, uniq_joseph, uniq_maggie, uniq_erica
D:9:      layout_big_octagon, roderic_roman_lattice, grunt_ogre_cave
D:10:     layout_basic
Temple:   nicolae_temple_god_jail

Skill      XL: |  1  2  3  4  5  6  7  8  9 10 |
---------------+-------------------------------+-----
Dodging        | 3 4 5 |  5.7
Shields        | 3 4 5 6 7 |  7.5
Unarmed Combat | 3 4 5 7 9 10 | 10.4
Throwing       | 1 2 |  2.7
Fighting       | 3 |  3.6
Invocations    | 1 3 |  3.0
Evocations     | |  0.5

Action                   |  1- 3 |  4- 6 |  7- 9 | 10-12 || total
-------------------------+-------+-------+-------+-------++-------
Melee: Unarmed           |    78 |   128 |   335 |   135 ||   676
Throw: Large rock        |       |     9 |    14 |     5 ||    28
       Dart              |       |       |       |    15 ||    15
Invok: Minor Destruction |       |       |    17 |     1 ||    18
Evoke: Wand              |       |       |     2 |       ||     2
  Use: Scroll            |     3 |     8 |     4 |     6 ||    21
       Potion            |       |       |       |     1 ||     1
 Stab: Sleeping          |       |     1 |       |       ||     1
  Eat: Chunk             |    17 |    14 |    37 |    13 ||    81
Armor: Robe              |    20 |    24 |    50 |       ||    94
       Skin              |       |       |     4 |    12 ||    16
Dodge: Dodged            |    14 |    27 |    71 |    26 ||   138
Block: Kite shield       |    57 |    97 |   233 |   101 ||   488
       Reflection        |     2 |     1 |     6 |    11 ||    20
